 Dungeon Crawl Stone Soup version 0.29.1-1-gd02db6906a (webtiles) character file.

Game seed: 9019928396816489234

175 H0rd4k the Insei (level 5, 0/33 HPs)
             Began as an Octopode Transmuter on Oct 20, 2022.
             Slain by a human zombie (6 damage)
             ... in an ossuary.
             The game lasted 00:02:49 (2632 turns).

H0rd4k the Insei (Octopode Transmuter)              Turns: 2632, Time: 00:02:50

Health: 0/33       AC:  1    Str: 10    XL:     5   Next: 55%
Magic:  9/9        EV: 13    Int: 17    God:
Gold:   138        SH:  0    Dex: 12    Spells: 6/10 levels left

rFire   . . .      SeeInvis .     - Unarmed
rCold   . . .      Faith    .   (no shield)
rNeg    . . .      Spirit   .   (helmet restricted)
rPois   .          Reflect  .   (no amulet)
rElec   .          Harm     .   m - ring of willpower
rCorr   +          Rampage  .   b - ring of resist corrosion
Will    +....                   (no ring)
Stlth   ++........              (no ring)
HPRegen 0.11/turn               (no ring)
MPRegen 0.11/turn               (no ring)
                                (no ring)
                                (no ring)

@: no status effects
A: almost no armour, amphibious, 8 rings, camouflage 1, gelatinous body 1,
(nimble swimmer 1), tentacles
a: no special abilities


You were in an ossuary.
You visited 1 branch of the dungeon, and saw 4 of its levels.
You also visited: Ossuary.

You collected 138 gold pieces.

Inventory:

Jewellery
 b - a ring of resist corrosion (right tentacle)
 h - an amulet of faith
 m - a ring of willpower (left tentacle)
Wands
 e - a wand of flame (3)
Scrolls
 c - 2 scrolls of silence {unknown}
 d - a scroll of immolation {unknown}
 f - a scroll of identify {unknown}
 g - 2 scrolls of enchant armour {unknown}
 i - 2 scrolls of poison {unknown}
 l - a scroll of noise {unknown}
 n - 2 scrolls of vulnerability {unknown}
 o - a scroll of acquirement {unknown}
 q - a scroll of magic mapping {unknown}
 r - a scroll of amnesia {unknown}
Potions
 a - 2 potions of lignification
 j - 2 potions of magic {unknown}
 k - a potion of brilliance {unknown}
 p - 2 potions of curing {unknown}


   Skills:
 + Level 1.1 Fighting
 + Level 2.8 Dodging
 + Level 4.6 Unarmed Combat
 * Level 3.0 Spellcasting
 * Level 2.6 Transmutations


You had 6 spell levels left.
You knew the following spells:

 Your Spells              Type           Power      Damage    Failure   Level
a - Beastly Appendage     Tmut           22%        N/A       6%          1
b - Spider Form           Tmut/Pois      7%         N/A       30%         3

Your spell library contained the following spells:

 Spells                   Type           Power      Damage    Failure   Level
 Wereblood                Tmut           11%        N/A       9%          2
 Shock                    Conj/Air       8%         1d3       17%         1
 Ignite Poison            Fire/Tmut/Pois 5%         N/A       36%         3
 Mephitic Cloud           Conj/Pois/Air  2%         N/A       45%         3
 Swiftness                Air            2%         N/A       45%         3
 Ice Form                 Ice/Tmut       7%         N/A       69%         4
 Airstrike                Air            1%         2d(1-17)  86%         4
 Freezing Cloud           Conj/Ice/Air   1%         6-21      99%         5


Dungeon Overview and Level Annotations

Branches:
Dungeon (4/15)            Ossuary (1/1)
 Temple: D:4-7

Altars:
The Shining One

Annotations:
D:2 Terence
D:3 exclusion: upstairs


Innate Abilities, Weirdness & Mutations

You cannot wear most types of armour.
You are amphibious.
You can wear up to eight rings at the same time.
Your skin changes colour to match your surroundings (Stealth+).
Your rubbery body absorbs attacks. (AC +1, EV +1)
((You are camouflaged when in or above water. (Stealth+)))
You have tentacles for arms and can constrict up to eight enemies at once.


Message History

You destroy the orc zombie!
The hobgoblin zombie completely misses you.
A jackal zombie comes into view.
You closely miss the jackal zombie. You grab the jackal zombie.
You constrict the jackal zombie.
The jackal zombie completely misses you.
You tentacle-slap the jackal zombie.
The jackal zombie is moderately damaged.
You constrict the jackal zombie. The jackal zombie barely misses you.
The hobgoblin zombie barely misses you.
You tentacle-slap the jackal zombie.
The jackal zombie is almost destroyed.
You constrict the jackal zombie.
You destroy the jackal zombie!
You bludgeon the hobgoblin zombie! You grab the hobgoblin zombie.
The hobgoblin zombie is almost destroyed.
You constrict the hobgoblin zombie.
You destroy the hobgoblin zombie!
You tentacle-slap the hobgoblin zombie. You grab the hobgoblin zombie.
The hobgoblin zombie is severely damaged.
You constrict the hobgoblin zombie.
You destroy the hobgoblin zombie!
You tentacle-slap the human zombie but do no damage.
You grab the human zombie. You squeeze the human zombie.
The human zombie is lightly damaged.
You constrict the human zombie. The human zombie hits you.
You tentacle-slap the human zombie but do no damage.
The human zombie is lightly damaged.
You constrict the human zombie. You bludgeon the human zombie!
You squeeze the human zombie.
The human zombie is moderately damaged.
You constrict the human zombie. The human zombie barely misses you.
You tentacle-slap the human zombie.
The human zombie is heavily damaged.
You constrict the human zombie. The human zombie hits you.
* * * LOW HITPOINT WARNING * * *
You bludgeon the human zombie!
The human zombie is heavily damaged.
You constrict the human zombie. The human zombie hits you.
You die...

#...# ##.... #...#
#...# #.... #...#
#...# #..... #...#
#...# #...# #...#
#...# #...# #...#
#...# #...#
#...##############...#
#......@Z............#
#.........∩∩.........#
######################


You could see a human zombie.

Vanquished Creatures
  A scorpion (D:4)
  A centaur zombie (Ossuary)
  2 adders (D:3)
  A worm (D:3)
  A dart slug (D:2)
  4 orcs
  6 ball pythons
  4 bats
  2 endoplasms
  4 goblins
  2 hobgoblins
  2 jackals (D:1)
  A quokka (D:1)
  8 hobgoblin zombies (Ossuary)
  A jackal zombie (Ossuary)
  5 kobolds
  8 kobold zombies (Ossuary)
  8 orc zombies (Ossuary)
  4 rats
65 creatures vanquished.

Notes
Turn   | Place    | Note
-------+----------+-------------------------------------------
     0 | D:1      | H0rd4k the Octopode Transmuter began the quest for the Orb.
     0 | D:1      | Reached XP level 1. HP: 13/13 MP: 3/3
   538 | D:1      | Reached XP level 2. HP: 18/18 MP: 5/5
   635 | D:1      | Found a faded altar of an unknown god.
   710 | D:1      | You fall into a shaft and drop 1 floor!
  1437 | D:2      | Noticed Terence
  1479 | D:3      | Reached XP level 3. HP: 21/23 MP: 4/6
  1707 | D:3      | Learned a level 3 spell: Spider Form
  1893 | D:3      | Found a glowing golden altar of the Shining One.
  2034 | D:3      | Reached skill level 4 in Unarmed Combat
  2034 | D:3      | Reached XP level 4. HP: 28/28 MP: 7/7
  2216 | D:4      | Noticed a scorpion
  2223 | D:4      | Killed a scorpion
  2224 | D:4      | Reached XP level 5. HP: 27/33 MP: 4/8
  2410 | D:4      | Found a sand-covered staircase.
  2414 | Ossuary  | Entered an ossuary
  2632 | Ossuary  | Slain by a human zombie

Illustrated notes

Levels and vault maps discovered:
D:1:      co_arrival_random_square_maze, layout_loops_ring,
          dreamdust_ecumenical_altar_statues
D:2:      layout_rooms, uniq_jessica, uniq_terence
D:3:      layout_basic, old_standard_altar, minmay_stone_trees_small,
          dreamdust_princess_bridge
D:4:      layout_basic, amcnicky_altar_gilded, nicolae_uskayaw_suspiria,
          lightli_ossuary_entry_decrepit_ruins
Ossuary:  ossuary_tomb_1

Skill      XL: |  1  2  3  4  5 |
---------------+----------------+-----
Unarmed Combat | 4 |  4.6
Spellcasting   | 3 |  3.0
Fighting       | |  1.1
Dodging        | |  2.8
Transmutations | |  2.6

Action                   |  1- 3 |  4- 6 || total
-------------------------+-------+-------++-------
Melee: Unarmed           |    75 |    81 ||   156
       Constrict         |    24 |    23 ||    47
       Tentacles         |    15 |    20 ||    35
       Punch             |     2 |     5 ||     7
       Kick              |     2 |       ||     2
 Cast: Beastly Appendage |     1 |       ||     1
       Spider Form       |       |     1 ||     1
 Stab: Sleeping          |     2 |       ||     2
       Distracted        |     1 |       ||     1
Armor: Skin              |     8 |     4 ||    12
Dodge: Dodged            |    35 |    45 ||    80
